 BcadrenCrawl: Boulder Brew version 0.05.21-81-gd28e3044bd (webtiles) character file.

Game seed: 3391506735261565397, levelgen mode: deterministic

97 theanonym the Slasher (level 4, 0/36 HPs) Minotaur Noble. Began on Sept 6, 2021. Slain by a water moccasin (3 damage) ... on level 1 of the Dungeon. The game lasted 00:02:19 (823 turns).

theanonym the Slasher (Minotaur Noble)               Turns: 823, Time: 00:02:19

Health: 0/36       AC: 12    Str: 22    XL:     4 ^: 57
Magic:  5/5        EV:  7    Int:  7    God:
Gold:   73         SH:  0    Dex:  7    Spells: 5/5 levels left

rFire    + . .     Vision   .   a - +3 triple sword (holy)
rCold    + . .     Gourm    .   (also wielding the above weapon)
rNeg     . . .     Faith    .   b - +0 gold dragon scales
rCorr    . . .     Spirit   .   (helmet restricted)
rPois    +         Reflect  .   (no cloak)
rElec    .         Harm     .   (no gloves)
MR       .....                  (no boots)
Stlth    ..........             (no amulet)
HPRegen  0.22/turn              (no ring)
MPRegen  0.15/turn              (no ring)

@: lethally poisoned (0 -> -4)
A: horns, retaliatory headbutt 2
a: no special abilities


Innate Abilities, Weirdness & Mutations

You reflexively attack those that strike you in melee with your horns.


   Skills:
 + Level 2.3 Fighting
 * Level 2.8 Long Blades
 + Level 1.8 Armour
 + Level 1.5 Stealth
 + Level 1.4 Spellcasting


You had 5 spell levels left.
You didn't know any spells.
Your spell library was empty.

Skill      XL: |  1  2  3 |
---------------+----------+-----
Long Blades    | 1 2 |  2.8
Stealth        | 1 |  1.5
Armour         | 1 |  1.8
Fighting       | 2 |  2.3
Spellcasting   | |  1.4

Action                   |  1- 3 |  4- 6 || total
-------------------------+-------+-------++-------
Melee: Scimitar          |    96 |       ||    96
       Unarmed           |    88 |       ||    88
       Headbutt          |     1 |       ||     1
       Triple sword      |     7 |    15 ||    22
  Use: Scroll            |     1 |       ||     1
Armor: Gold dragon scale |    99 |    21 ||   120
Dodge: Dodged            |    33 |    12 ||    45
       Rpst.: Scimitar   |    10 |       ||    10
       Triple sword      |     2 |     5 ||     7

Inventory:

Weapons
 a - a +3 triple sword of holy wrath (weapon)
Armour
 b - +0 gold dragon scales (worn)
Scrolls
 d - a scroll of summoning
Comestibles
 c - a chunk of flesh
 e - 3 rations


You were on level 1 of the Dungeon.
You were not hungry.

You visited 1 branch of the dungeon, and saw 2 of its levels.
You also visited: Market.

You collected 33 gold pieces.
You spent 960 gold pieces at shops.

Dungeon Overview and Level Annotations

Branches:
Dungeon (2/8)

Altars:

##########
#........#
#........#
#........#
#........#
#........# #####
#........####..†####
...)...........S@r.#
##.##########.#r##.#
#.# #######.#.##.#
#.# #.........##.#
#.# #.#####.####.#
#.# #.# #......# #.#
#.# ######## #.#
#.#####...# #.#
#....##.#.#


You could see a water moccasin and 2 submerged sewer rats.

Notes
Turn   | Place    | Note
-------+----------+-------------------------------------------
     0 | Start Ma | theanonym the Minotaur Noble began the quest for the Orb.
     0 | Start Ma | Reached XP level 1. HP: 16/16 MP: 1/1
     0 | Start Ma | Found Imaph's Expert Tomes.
     6 | Start Ma | Found Vodahudo's Auxillary Armour.
     7 | Start Ma | Bought +0 gold dragon scales for 800 gold pieces
    27 | Start Ma | Found Guud's Mashing MeleeMart.
    41 | Start Ma | Bought a +0 scimitar for 160 gold pieces
    49 | D:1      | theanonym set off with the following items: a +0 scimitar,
                  | +0 gold dragon scales, a ration
    91 | D:1      | Reached skill level 1 in Long Blades
    91 | D:1      | Reached skill level 1 in Stealth
    91 | D:1      | Reached XP level 2. HP: 23/23 MP: 2/2
   161 | D:1      | Reached skill level 1 in Armour
   162 | D:1      | Reached XP level 3. HP: 29/29 MP: 3/3
   199 | D:1      | Reached skill level 2 in Fighting
   199 | D:1      | Reached skill level 2 in Long Blades
   447 | D:1      | Identified a scroll of acquirement
   462 | D:1      | Identified the ring of Lywkesm {+Blink Int+5 Dex+4 Stlth-}
                  | (You acquired it on level 1 of the Dungeon)
   687 | D:2      | Noticed a slime creature
   699 | D:1      | Reached XP level 4. HP: 26/36 MP: 3/5
   816 | D:2      | Noticed a water moccasin
   822 | D:1      | HP: 15/36 [water moccasin (5)]
   823 | D:1      | HP: 3/36 [water moccasin (8)]
   823 | D:1      | Slain by a water moccasin

Vanquished Creatures
  3 giant cockroaches (D:1)
  2 sewer rats (D:1)
  3 cinder newts (D:1)
  3 goblins (D:1)
  3 hobgoblins (D:1)
  A ball python (D:1)
  4 bats (D:1)
  A kobold (D:1)
  2 rats (D:1)
22 creatures vanquished.

Vanquished Creatures (others)
  2 withered plants (D:2)
2 creatures vanquished.

Grand Total: 24 creatures vanquished

Table legend:
 A = Turns spent in this place as a percentage of turns spent in the entire game.
 B = Non-inter-level travel turns spent in this place as a percentage of non-inter-level travel turns spent in the entire game.
 C = Inter-level travel turns spent in this place as a percentage of turns spent in this place.
 D = Turns resting spent in this place as a percentage of non-inter-level travel turns spent in this place.
 E = Turns spent auto-exploring this place as a percentage of non-inter-level travel turns spent in this place.
 F = Non-inter-level travel turns spent in this place divided by the number of levels of this place that you've seen.
                   A       B       C       D       E      F
               +-------+-------+-------+-------+-------+----------------------
         Total | 100.0 | 100.0 |   9.0 |   7.5 |  60.7 | 249.7
       Dungeon |  94.0 |  93.5 |   9.6 |   8.0 |  65.0 | 350.0
        Market |   6.0 |   6.5 |   0.0 |   0.0 |   0.0 |  49.0
               +-------+-------+-------+-------+-------+----------------------
